 Dungeon Crawl Stone Soup version 0.23.2 (webtiles) character file.

Game seed: 1013478293674259804

1907 Borgoz the Cutter (level 9, -5/68 HPs)
             Began as a Ghoul Assassin on Apr 4, 2019.
             Slain by Menkaure (7 damage)
             ... on level 6 of the Dungeon.
             The game lasted 00:17:07 (6449 turns).

Borgoz the Cutter (Ghoul Assassin)                  Turns: 6449, Time: 00:17:08

Health: -5/68      AC: 11    Str: 15    XL:     9   Next: 16%
Magic:  8/8        EV: 12    Int:  7    God:
Gold:   269        SH:  0    Dex: 12    Spells: 7/8 levels left

rFire    . . .     SeeInvis .   a - +0 dagger (venom)
rCold    + + .     Gourm    .   (no shield)
rNeg     + + +     Faith    .   i - +0 scale mail
rPois    ∞         Spirit   .   n - +2 hat
rElec    .         Reflect  .   d - +1 cloak
rCorr    .         Harm     .   (no gloves)
MR       .....                  (no boots)
Stlth    +.........             (no amulet)
HPRegen  0.00/turn              r - ring of protection from cold
MPRegen  0.11/turn              (no ring)

@: rotting
A: rotting body, claws 1, carnivore, cold resistance 1, negative energy
resistance 3, inhibited regeneration, torment resistance, unbreathing
a: no special abilities


You were on level 6 of the Dungeon.
You were not hungry.

You visited 1 branch of the dungeon, and saw 6 of its levels.

You collected 269 gold pieces.

Inventory:

Hand Weapons
 a - a +0 dagger of venom (weapon)
 b - a +0 blowgun
 m - a +2 quarterstaff of chaos
 q - the +2 whip of the Shallot {slash, +Fly rElec Str+9 Int-5 Dex-5}
   (You found it on level 5 of the Dungeon)

   It inflicts extra damage upon your enemies.
   It affects your strength (+9).
   It affects your intelligence (-5).
   It affects your dexterity (-5).
   It insulates you from electricity.
   It lets you fly.
 B - a +2 dagger of speed
Missiles
 e - 7 poisoned needles
 f - 2 curare-tipped needles
 j - 5 needles of sleeping
 o - 5 javelins (quivered)
 w - 18 tomahawks
Armour
 d - a +1 cloak (worn)
 i - a +0 scale mail (worn)
 n - a +2 hat (worn)
Jewellery
 r - a ring of protection from cold (left claw)
Wands
 p - a wand of flame (40)
 s - a wand of polymorph (12)
 y - a wand of random effects (19)
Scrolls
 c - 3 scrolls of remove curse
 k - a scroll of enchant armour
 l - a scroll of magic mapping {unknown}
 t - 2 scrolls of random uselessness {unknown}
 u - 3 scrolls of amnesia
 v - 2 scrolls of teleportation
 x - a scroll of blinking
 C - a scroll of brand weapon {unknown}
Potions
 h - a potion of brilliance
 z - a potion of haste
Comestibles
 g - 18 rations
 A - 4 chunks of flesh


   Skills:
 - Level 2.5 Fighting
 * Level 6.3 Short Blades
 - Level 1.7 Throwing
 * Level 6.0 Armour
 * Level 5.9 Dodging
 - Level 4.7 Stealth


You had 7 spell levels left.
You knew the following spells:

 Your Spells              Type           Power        Failure   Level  Hunger
a - Confusing Touch       Hex            #.....       85%         1    ##.....

Your spell library contained the following spells:

 Spells                   Type           Power        Failure   Level  Hunger
 Animate Skeleton         Necr           N/A          85%         1    ##.....
 Apportation              Tloc           #.....       85%         1    ##.....
 Summon Small Mammal      Summ           #...         85%         1    ##.....


Dungeon Overview and Level Annotations

Branches:
Dungeon (6/15)
 Temple: D:4-7

Altars:
Elyvilon
Ru
Trog
Uskayaw
The Shining One

Annotations:
D:6 Menkaure


Innate Abilities, Weirdness & Mutations

Your body is rotting away.
You thrive on raw meat.
You are immune to poison.
You have sharp fingernails.
You are carnivorous and can eat meat at any time.
Your flesh is cold resistant. (rC+)
You are immune to negative energy. (rN+++)
You do not regenerate when monsters are visible.
You are immune to unholy pain and torment.
You can survive without breathing.


Message History

You hit Menkaure but do no damage.
Menkaure is moderately damaged.
Menkaure casts a spell.
Menkaure seems to speed up.
You barely miss Menkaure.
Menkaure is moderately damaged.
Menkaure misses you.
You hit Menkaure.
Menkaure is moderately damaged.
You hit Menkaure but do no damage.
Menkaure is moderately damaged.
Menkaure hits you!!
* * * LOW HITPOINT WARNING * * *
You hit Menkaure but do no damage.
Menkaure is moderately damaged.
Menkaure closely misses you.
You hit Menkaure.
Menkaure is heavily damaged.
Menkaure hits you!
You die...

#.#.####....# #.# #.# #....
#.....(.....# #.# #.######....
###.####...##
#.#####.....##...# #.# ##.##
#...........##..##
#.#####÷#####...##..##..###..#
#...................##........
#.....#.............##.####.#.
##.###..#####...##.## #.## #.#
##.# #@..##. #> # .# #.#
#.M..#.# .. .# #.# #........
## #.# ##.....##.# #. #......#
## .......# #. #....... #.
#........ #. #.


You could see Menkaure.

Vanquished Creatures
  Eustachio (D:5)
  Edmund (D:5)
  An orc warrior (D:6)
  An ice beast (D:6)
  A phantom (D:5)
  2 centaurs
  2 ogres (D:6)
  2 bullfrogs (D:6)
  2 scorpions
  A howler monkey (D:5)
  Crazy Yiuf (D:2)
  2 bullfrog skeletons
  5 orc priests
  2 hounds
  4 orc wizards
  An iguana (D:4)
  3 worker ants
  Robin (D:1)
  9 adders
  5 gnolls
  A shadow imp (D:6)
  2 adder skeletons (D:6)
  2 worms (D:2)
  A dart slug (D:1)
  3 leopard geckos
  28 orcs
  A giant cockroach (D:2)
  11 goblins
  16 hobgoblins
  6 jackals
  2 quokkas
  8 bats
  5 frilled lizards
  A jackal zombie (D:6)
  6 kobolds
  7 rats
147 creatures vanquished.

Vanquished Creatures (others)
  A hobgoblin (D:2)
1 creature vanquished.

Grand Total: 148 creatures vanquished

Notes
Turn   | Place    | Note
-------+----------+-------------------------------------------
     0 | D:1      | Borgoz the Ghoul Assassin began the quest for the Orb.
     0 | D:1      | Reached XP level 1. HP: 17/17 MP: 0/0
   162 | D:1      | Reached skill level 1 in Dodging
   225 | D:1      | Reached XP level 2. HP: 13/24 MP: 1/1
   387 | D:1      | Reached skill level 1 in Armour
   587 | D:1      | Reached XP level 3. HP: 22/28 MP: 2/2
  1023 | D:2      | Reached XP level 4. HP: 32/37 MP: 3/3
  1216 | D:2      | Noticed Robin
  1832 | D:1      | Killed Robin
  1904 | D:2      | Reached XP level 5. HP: 28/42 MP: 4/4
  1933 | D:2      | Found a runed translucent door.
  1934 | D:2      | Noticed Crazy Yiuf
  2122 | D:2      | Killed Crazy Yiuf
  2531 | D:3      | Found a white marble altar of Elyvilon.
  2629 | D:3      | Found a hide-covered altar of Uskayaw.
  2817 | D:4      | Got a brightly glowing robe
  2828 | D:4      | Identified the cursed +1 robe of Death's Door {rElec Str-5
                  | Slay+3} (You found it on level 4 of the Dungeon)
  2989 | D:3      | Found a bloodstained altar of Trog.
  3144 | D:4      | Reached XP level 6. HP: 46/50 MP: 5/5
  3147 | D:4      | Learned a level 1 spell: Confusing Touch
  3730 | D:4      | Reached XP level 7. HP: 42/56 MP: 6/6
  3868 | D:5      | Entered Level 5 of the Dungeon
  3888 | D:5      | Noticed Eustachio
  3915 | D:5      | Killed Eustachio
  4248 | D:5      | Found a glowing golden altar of the Shining One.
  4585 | D:5      | Reached XP level 8. HP: 26/62 MP: 7/7
  4965 | D:5      | Noticed Edmund
  4994 | D:5      | Killed Edmund
  4994 | D:5      | Reached skill level 5 in Short Blades
  5012 | D:5      | Found a sacrificial altar of Ru.
  5107 | D:5      | Got a faintly glowing whip
  5108 | D:5      | Identified the +2 whip of the Shallot {slash, +Fly rElec
                  | Str+9 Int-5 Dex-5} (You found it on level 5 of the Dungeon)
  5547 | D:6      | Reached skill level 5 in Armour
  5823 | D:6      | Reached skill level 5 in Dodging
  6134 | D:6      | Found the +8 frozen axe "Frostbite" {freezing cloud, *Noise
                  | +Fly rC+}
  6241 | D:6      | Reached XP level 9. HP: 52/68 MP: 8/8
  6433 | D:6      | Noticed Menkaure
  6447 | D:6      | HP: 2/68 [Menkaure (20)]
  6449 | D:6      | Slain by Menkaure

Skill      XL: |  1  2  3  4  5  6  7  8  9 |
---------------+----------------------------+-----
Dodging        | 1 2 3 4 5 |  5.9
Short Blades   | 2 3 4 6 |  6.3
Armour         | 1 2 3 4 5 6 |  6.0
Fighting       | |  2.5
Throwing       | |  1.7
Stealth        | |  4.7

Action                   |  1- 3 |  4- 6 |  7- 9 || total
-------------------------+-------+-------+-------++-------
Melee: Dagger            |   147 |   376 |   482 ||  1005
 Fire: Blowgun           |       |     2 |       ||     2
Throw: Tomahawk          |       |       |     6 ||     6
       Javelin           |       |       |     5 ||     5
Evoke: Wand              |       |       |     1 ||     1
  Use: Scroll            |     5 |     2 |     6 ||    13
       Potion            |       |     8 |     1 ||     9
 Stab: Sleeping          |     1 |       |     1 ||     2
  Eat: Chunk             |     9 |    15 |    20 ||    44
Armor: Robe              |    11 |       |       ||    11
       Scale mail        |    70 |   218 |   173 ||   461
Dodge: Dodged            |    84 |   231 |   218 ||   533
